 Dungeon Crawl Stone Soup version 0.30-a0-475-g03497ec522 (webtiles) character file.

Game seed: 12820085583972418702

340 NinjaNoafa the Conjurer (level 6, 0/45 HPs)
             Began as a Demigod Conjurer on Dec 20, 2022.
             Slain by an orc wizard
             ... wielding a +2 dagger of protection
              (3 damage)
             ... on level 4 of the Dungeon.
             The game lasted 00:13:45 (4486 turns).

NinjaNoafa the Conjurer (Demigod Conjurer)          Turns: 4486, Time: 00:13:45

Health: 0/45       AC:  4    Str:  8    XL:     6   Next: 8%
Magic:  10/14      EV: 12    Int: 28    God:
Gold:   164        SH:  0    Dex: 12    Spells: 1/11 levels left

rFire   . . .      SeeInvis +    e - +0 short sword (elec)
rCold   . . .      Faith    .    (no shield)
rNeg    . . .      Spirit   .    a - +0 robe
rPois   .          Reflect  .    c - +2 hat
rElec   .          Harm     .    (no cloak)
rCorr   +          Rampage  .    (no gloves)
Will    .....                    (no boots)
Stlth   +.........               (no amulet)
HPRegen 0.27/turn                s - ring of see invisible
MPRegen 0.14/turn                x - ring of resist corrosion

@: confused, mighty, brilliant, ambrosia-drunk, attractive
A: high MP 1, forlorn, divine attributes
a: no special abilities


You were on level 4 of the Dungeon.
You visited 1 branch of the dungeon, and saw 4 of its levels.

You collected 234 gold pieces.
You spent 70 gold pieces at shops.

Inventory:

Hand Weapons
 e - a +0 short sword of electrocution (weapon)
Missiles
 i - 8 poisoned darts
 j - 32 stones
 n - 2 throwing nets
Armour
 a - a +0 robe (worn)
 c - a +2 hat (worn)
Jewellery
 s - a ring of see invisible (left hand)
 x - a ring of resist corrosion (right hand)
Wands
 z - a wand of light (11)
Scrolls
 d - 3 scrolls of immolation {unknown}
 g - 2 scrolls of blinking {unknown}
 h - a scroll of fear {unknown}
 k - a scroll of identify {unknown}
 o - 3 scrolls of teleportation
 p - a scroll of poison {unknown}
 r - a scroll of magic mapping
 t - a scroll of torment {unknown}
 v - a scroll of noise {unknown}
 w - a scroll of enchant weapon {unknown}
 y - a scroll of enchant armour {unknown}
Potions
 b - a potion of magic
 f - 2 potions of brilliance


   Skills:
 - Level 1.7 Dodging
 - Level 1.7 Stealth
 + Level 3.4 Spellcasting
 + Level 5.5 Conjurations
 * Level 2.2 Hexes


You had one spell level left.
You knew the following spells:

 Your Spells              Type           Power      Damage    Failure   Level
a - Magic Dart            Conj           100%       1d8       1%          1
b - Searing Ray           Conj           100%       2d8       1%          2
c - Dazzling Flash        Conj/Hex       78%        N/A       4%          3
d - Fulminant Prism       Conj/Hex       19%        3d11      16%         4

Your spell library contained the following spells:

 Spells                   Type           Power      Damage    Failure   Level
 Iskenderun's Mystic Bla  Conj/Tloc      30%        2d8       26%         4


Dungeon Overview and Level Annotations

Branches:
Dungeon (4/15)
 Temple: D:4-7

Shops:
D:1 !!   D:2 (


Innate Abilities, Weirdness & Mutations

You have an increased reservoir of magic. (+10% MP)
You shall have no god before yourself.
Your divine heritage dramatically boosts your attributes as you level up.


Message History

* * * LOW HITPOINT WARNING * * *
It was a potion of curing.
You feel better. The orc priest closely misses you.
The orc completely misses you.
An orc comes into view. It is wielding a +0 war axe.
The orc wizard points at you and mumbles some strange words.
You are confused.
The orc barely misses you.
It was a potion of attraction.
You feel attractive to monsters.
The orc shouts!
The orc priest misses you. The orc barely misses you.
The orc wizard misses you. The orc closely misses you.
The orc is attracted toward you. x2
You are too confused!
Unknown command.
It was a potion of might.
You feel very mighty all of a sudden.
The orc priest is no longer blind.
The orc hits you but does no damage. The orc wizard barely misses you.
The orc hits you but does no damage. The orc priest closely misses you.
You're too confused to move!
The orc priest hits you but does no damage.
The orc closely misses you. The orc hits you with a +0 war axe.
* * * LOW HITPOINT WARNING * * *
The orc wizard casts a spell at you. The puff of flame misses you.
The orc hits you with a +0 dagger.
* * * LOW HITPOINT WARNING * * *
The orc priest casts a cantrip, but nothing happens.
The orc is attracted toward you.
It was a potion of ambrosia.
You are more confused.
You feel invigorated.
The orc wizard is no longer blind.
The orc priest hits you with a +0 whip.
* * * LOW HITPOINT WARNING * * *
The orc hits you with a +0 hand axe.
* * * LOW HITPOINT WARNING * * *
The orc hits you with a +0 war axe.
* * * LOW HITPOINT WARNING * * *
The orc wizard hits you with a +2 dagger of protection.
You die...

......... #...... .........
.....# ####+ #....##.#
#....##..... #....## #
#........... .[....# ..
#........... ......# ..
#........... ......# ..
#...!.)..... #....## ####o#
#.o..# .....
#....####.....##@o[.##[....
#.......#....§oooo......./.
........#.......o.......(..
........#..................
#.....###.....##....#######
#.....##########....##
.......#.............#
.......#.............#
.......#.............#


You could see 2 orc priests, an orc wizard and 4 orcs.

Vanquished Creatures
  A jelly (D:3)
  A gnoll bouda (D:3)
  An orc wizard (D:4)
  Robin (D:2)
  10 gnolls
  4 adders
  An ufetubus (D:3)
  A worm (D:2)
  3 dart slugs
  3 orcs (D:4)
  6 ball pythons
  5 endoplasms
  A giant cockroach (D:1)
  5 hobgoblins
  2 jackals (D:1)
  5 quokkas
  6 bats
  5 frilled lizards
  21 goblins
  8 kobolds
  10 rats
100 creatures vanquished.

Vanquished Creatures (others)
  2 fulminant prisms (D:4)
  3 plants (D:3)
5 creatures vanquished.

Grand Total: 105 creatures vanquished

Notes
Turn   | Place    | Note
-------+----------+-------------------------------------------
     0 | D:1      | NinjaNoafa the Demigod Conjurer began the quest for the
                  | Orb.
     0 | D:1      | Reached XP level 1. HP: 14/14 MP: 5/5
    15 | D:1      | Found Boikam's Distillery.
   319 | D:1      | Reached skill level 4 in Conjurations
   319 | D:1      | Reached XP level 2. HP: 15/20 MP: 0/7
   493 | D:1      | Learned a level 2 spell: Searing Ray
   955 | D:1      | Bought a potion of heal wounds for 70 gold pieces
   978 | D:1      | Found Soavoil's Distillery.
  1238 | D:1      | Reached XP level 3. HP: 26/26 MP: 5/9
  1510 | D:2      | Found Wuxu's Weapon Shop.
  1514 | D:2      | Noticed Robin
  1878 | D:2      | Reached XP level 4. HP: 28/33 MP: 2/10
  2219 | D:2      | Reached skill level 5 in Conjurations
  2240 | D:2      | Learned a level 3 spell: Dazzling Flash
  2522 | D:2      | Killed Robin
  2849 | D:3      | Reached skill level 1 in Hexes
  2849 | D:3      | Reached XP level 5. HP: 26/38 MP: 3/12
  3232 | D:3      | Learned a level 4 spell: Fulminant Prism
  3308 | D:3      | Upgraded the game from 0.30-a0-469-g84de5afbc5 to
                  | 0.30-a0-475-g03497ec522
  4474 | D:4      | Reached XP level 6. HP: 45/45 MP: 5/14
  4486 | D:4      | Slain by an orc wizard

Illustrated notes

Levels and vault maps discovered:
D:1:      giann_forest_graveyard, layout_basic, serial_shops,
          nicolae_shop_behind_doors, shop, dreamdust_wishing_well,
          minmay_quantized
D:2:      layout_basic, serial_shops, nicolae_shop_hallway_stairs,
          minmay_misc_feat_encased, chequers_serial_rivers_micro_d,
          minmay_quadrilaterals, uniq_robin
D:3:      minmay_angry_zag, layout_loops_corners,
          hellmonk_ecumenical_altar_arch_garden, hangedman_glass_teeth,
          serial_bayou_ford_a, nicolae_grassy_gnolls
D:4:      layout_gridville, mainiacjoe_overflow_six_doors_small

Skill      XL: |  1  2  3  4  5 |
---------------+----------------+-----
Spellcasting   | 2 3 |  3.4
Conjurations   | 4 5 |  5.5
Hexes          | 1 2 |  2.2
Dodging        | |  1.7
Stealth        | |  1.7

Action                   |  1- 3 |  4- 6 || total
-------------------------+-------+-------++-------
Melee: Short sword       |    14 |     3 ||    17
 Cast: Magic Dart        |    73 |    73 ||   146
       Searing Ray       |     6 |    15 ||    21
       Dazzling Flash    |       |     2 ||     2
       Fulminant Prism   |       |     2 ||     2
  Use: Scroll            |     3 |       ||     3
       Potion            |     1 |     5 ||     6
Armor: Robe              |     9 |    10 ||    19
Dodge: Dodged            |    28 |    39 ||    67

Table legend: (Time is in decaauts)
 A = Elapsed time spent in this place.
 B = Non-inter-level travel time spent in this place.
 C = Inter-level travel time spent in this place.
 D = Time resting spent in this place.
 E = Time spent auto-exploring this place.
 F = Levels seen in this place.
 G = Mean time per level.
                   A        B        C        D        E       F      G
               +--------+--------+--------+--------+--------+-----+--------+
         Total |   4484 |   4305 |    179 |      0 |   3711 |   4 | 1121.0 |
       Dungeon |   4484 |   4305 |    179 |      0 |   3711 |   4 | 1121.0 |
               +--------+--------+--------+--------+--------+-----+--------+

Top non-repeatable levels by time:
     D:3: 1407 daAuts
     D:1: 1400 daAuts
     D:2: 1291 daAuts
     D:4: 384 daAuts
